 Dungeon Crawl Stone Soup version 0.23.2-1-ga50397a (webtiles) character file.

Game seed: 9036311955106463328

36 kae the Insei (level 3, -2/28 HPs)
             Began as a Draconian Transmuter on May 17, 2019.
             Slain by Sigmund
             ... wielding a +0 scythe
              (5 damage)
             ... on level 2 of the Dungeon.
             The game lasted 00:01:07 (1528 turns).

kae the Insei (Draconian Transmuter)                Turns: 1528, Time: 00:01:07

Health: -2/28      AC:  2    Str: 12    XL:     3   Next: 19%
Magic:  2/6        EV: 19    Int: 13    God:
Gold:   72         SH:  0    Dex: 17    Spells: 0/6 levels left

rFire    . . .     SeeInvis .     - Unarmed
rCold    . . .     Gourm    .   (shield currently unavailable)
rNeg     . . .     Faith    .   (armour unavailable)
rPois    x         Spirit   .   (helmet currently unavailable)
rElec    .         Reflect  .   (cloak currently unavailable)
rCorr    .         Harm     .   (gloves currently unavailable)
MR       .....                  (boots currently unavailable)
Stlth    ++........             (no amulet)
HPRegen  0.09/turn              (no ring)
MPRegen  0.10/turn              (no ring)

@: spider-form (expiring)
A: tiny, unfitting armour, AC +5
a: End Transformation


You were on level 2 of the Dungeon.
You were not hungry.
You were a venomous arachnid creature.
You visited 1 branch of the dungeon, and saw 2 of its levels.

You collected 72 gold pieces.

Inventory:

Missiles
 a - 46 arrows
Armour
 l - a +0 cloak
 m - a scarf of spirit shield (melded)
Scrolls
 b - a scroll of immolation {unknown}
 h - 2 scrolls of teleportation {unknown}
 i - a scroll of blinking {unknown}
 j - a scroll of fog {unknown}
 k - 2 scrolls of identify {unknown}
 n - a scroll of remove curse {unknown}
Potions
 d - a potion of might {unknown}
 e - a potion of lignification {unknown}
 f - a potion of curing {unknown}
 g - a potion of cancellation {unknown}
Comestibles
 c - 5 rations


   Skills:
 - Level 1.1 Fighting
 - Level 1.7 Dodging
 + Level 3.4 Unarmed Combat
 - Level 2.0 Spellcasting
 * Level 3.2 Transmutations


You couldn't memorise any spells.
You knew the following spells:

 Your Spells              Type           Power        Failure   Level  Hunger
a - Beastly Appendage     Tmut           #.....       19%         1    ##.....
b - Sticks to Snakes      Tmut           #.......     24%         2    ###....
c - Spider Form           Tmut/Pois      #.........   58%         3    ####...

Your spell library contained the following spells:

 Spells                   Type           Power        Failure   Level  Hunger
 Ice Form                 Ice/Tmut       #.......     91%         4    #####..
 Blade Hands              Tmut           #.........   96%         5    ######.


Dungeon Overview and Level Annotations

Branches:
Dungeon (2/15)

Altars:

Annotations:
D:2 Sigmund


Innate Abilities, Weirdness & Mutations

((Your plain brown scales are hard. (AC +5)))
You cannot fit into any form of body armour.
((You are cold-blooded and may be slowed by cold attacks.))


Message History

Sigmund mumbles some strange words.
Sigmund flickers and vanishes!
Deactivating autopickup; reactivate with Ctrl-A.
You feel less confused. Something hits you!
Casting: Beastly Appendage (safe; 7% risk of failure)
Confirm with . or Enter, or press ? or * to list all spells.
You turn into a venomous arachnid creature.
Your scarf of spirit shield melds into your body.
You feel strangely alone. Something barely misses you. Something hits you.
You closely miss something. You barely miss something. Something hits you!
You closely miss something. Something hits you!
* * * LOW HITPOINT WARNING * * *
You closely miss something.
Your transformation is almost over.
You closely miss something. Something hits you.
You die...

#.#.#.........
.###..#########.# ##
##.###### ##[##
.###......... ...#
#.#.#.####### #..# ##.##.#
#..# ##(...###### #..#
...........# #..#####
####((####.# #.s{...###.
...........####....!.....
.###รท.###................
.#....# #......[.........
.#..^<# ########.....####
.#...## ##...## .##..#
#.### .##..# #.# .##..#
#.#


There were no monsters in sight!

Vanquished Creatures
  A worm (D:2)
  4 giant cockroaches
  3 goblins (D:1)
  A hobgoblin (D:1)
  4 jackals (D:1)
  4 kobolds
  2 ball pythons (D:1)
  4 bats
  A frilled lizard (D:1)
  9 rats (D:1)
33 creatures vanquished.

Notes
Turn   | Place    | Note
-------+----------+-------------------------------------------
     0 | D:1      | kae the Draconian Transmuter began the quest for the Orb.
     0 | D:1      | Reached XP level 1. HP: 16/16 MP: 3/3
    92 | D:1      | Reached XP level 2. HP: 22/23 MP: 3/5
  1176 | D:1      | Reached XP level 3. HP: 26/28 MP: 6/6
  1186 | D:1      | Learned a level 2 spell: Sticks to Snakes
  1293 | D:1      | Learned a level 3 spell: Spider Form
  1510 | D:2      | Noticed Sigmund
  1528 | D:2      | Slain by Sigmund

Skill      XL: |  1  2 |
---------------+-------+-----
Transmutations | 3 |  3.2
Fighting       | |  1.1
Dodging        | |  1.7
Unarmed Combat | |  3.4
Spellcasting   | |  2.0

Action                   || total
-------------------------++-------
Melee: Unarmed           ||   114
       Tailslap          ||    10
       Kick              ||     4
 Cast: Beastly Appendage ||     8
       Spider Form       ||     1
 Stab: Sleeping          ||     1
  Eat: Chunk             ||     2
Armor: Skin              ||    35
Dodge: Dodged            ||    84
